 Dungeon Crawl Stone Soup version 0.26-a0-1147-g3780a7a11b (webtiles) character file.

Game seed: 11832586407572125928

5546 Numknucks the Fighter (level 10, -3/88 HPs)
             Began as a White Draconian Conjurer on Dec 22, 2020.
             Slain by Maurice
             ... wielding a +0 club
              (12 damage)
             ... on level 9 of the Dungeon.
             The game lasted 01:27:19 (13749 turns).

Numknucks the Fighter (White Draconian Conjurer)   Turns: 13749, Time: 01:27:20

Health: -3/88      AC: 10    Str: 12    XL:     10   Next: 44%
Magic:  18/20      EV: 15    Int: 18    God:
Gold:   116        SH:  5    Dex: 11    Spells: 15/23 levels left

rFire    . . .     SeeInvis .   a - +4 short sword (freeze) (curse)
rCold    + . .     Faith    .   (no shield)
rNeg     + . .     Spirit   .   (armour unavailable)
rPois    .         Reflect  +   (helmet restricted)
rElec    .         Harm     .   T - +1 cloak
rCorr    .         Rampage  .   (no gloves)
Will     .....                  W - +0 pair of boots
Stlth    ++........             Q - amulet of reflection
HPRegen  0.24/turn              P - ring of positive energy
MPRegen  0.17/turn              (no ring)

@: short of breath
A: breathe frost, unfitting armour, cold resistance 1, cold-blooded, AC +7
a: Breathe Frost


You were on level 9 of the Dungeon.
You visited 2 branches of the dungeon, and saw 10 of its levels.
You also visited: Sewer and Ossuary.

You collected 356 gold pieces.
You spent 240 gold pieces at shops.

Inventory:

Hand Weapons
 a - a cursed +4 short sword of freezing (weapon)
 b - a +0 hunting sling
 c - a +2 flail of draining
 d - a +0 rapier of draining
Missiles
 f - 250 arrows
 j - 2 boomerangs
 v - 47 poisoned darts
 y - 71 sling bullets
 C - 352 stones (quivered)
 K - 33 bolts
Armour
 u - a +0 robe
 D - a +0 scale mail
 H - a +0 robe
 J - a +0 leather armour
 O - a +0 leather armour
 T - a +1 cloak (worn)
 W - a +0 pair of boots (worn)
 Y - a cursed +0 robe
Jewellery
 P - a ring of positive energy (left hand)
 Q - an amulet of reflection (around neck)
Wands
 k - a wand of paralysis (18)
 p - a wand of polymorph (10)
 x - a wand of digging (8)
 A - a wand of flame (11)
Scrolls
 e - 2 scrolls of fog {unknown}
 l - 5 scrolls of remove curse
 m - 2 scrolls of fear {unknown}
 n - a scroll of blinking
 o - 7 scrolls of teleportation
 t - a scroll of immolation {unknown}
 w - a scroll of random uselessness
 z - a scroll of magic mapping
 E - a scroll of vulnerability {unknown}
 F - a scroll of enchant armour {unknown}
 N - a scroll of amnesia {unknown}
 V - a scroll of identify
Potions
 g - 2 potions of heal wounds
 h - a potion of haste
 i - 2 potions of ambrosia {unknown}
 q - a potion of curing
 r - a potion of resistance {unknown}
 s - a potion of attraction {unknown}
 B - a potion of cancellation {unknown}
 M - 3 potions of flight


   Skills:
 - Level 8.0 Fighting
 - Level 0.3 Slings
 - Level 6.4 Dodging
 - Level 1.7 Stealth
 - Level 0.4 Shields
 - Level 7.1 Spellcasting
 - Level 4.1 Conjurations
 - Level 5.2 Summonings
 - Level 5.1 Translocations
 * Level 2.3 Air Magic
 - Level 4.1 Poison Magic
 - Level 1.0 Evocations


You had 15 spell levels left.
You knew the following spells:

 Your Spells              Type           Power        Failure   Level
a - Magic Dart            Conj           84%          1%          1
b - Blink                 Tloc           N/A          1%          2
c - Mephitic Cloud        Conj/Pois/Air  19%          8%          3
s - Call Imp              Summ           25%          1%          2

Your spell library contained the following spells:

 Spells                   Type           Power        Failure   Level
 Summon Small Mammal      Summ           100%         1%          1
 Searing Ray              Conj           42%          3%          2
 Call Canine Familiar     Summ           25%          3%          3
 Summon Guardian Golem    Hex/Summ       15%          11%         3
 Conjure Flame            Conj/Fire      13%          14%         3
 Dazzling Flash           Conj/Hex       26%          14%         3
 Slow                     Hex            6%           16%         2
 Iskenderun's Mystic Bla  Conj/Tloc      23%          16%         4
 Summon Lightning Spire   Summ/Air       20%          22%         4
 Summon Ice Beast         Ice/Summ       15%          36%         4
 Fulminant Prism          Conj/Hex       6%           41%         4


Dungeon Overview and Level Annotations

Branches:
Dungeon (9/15)             Temple (1/1) D:5            Lair (0/6) D:9
  Sewer (visited)         Ossuary (visited)
    Orc: D:9-12

Altars:
Ashenzari
Cheibriados
Dithmenos
Elyvilon
Fedhas
Gozag
Hepliaklqana
Kikubaaqudgha
Makhleb
Nemelex Xobeh
Okawaru
Qazlal
Ru
Sif Muna
Trog
Uskayaw
Vehumet
Wu Jian
Xom
Yredelemnul
Zin
The Shining One

Shops:
D:7 ?:(

Annotations:
D:9 Maurice


Innate Abilities, Weirdness & Mutations

You can breathe waves of freezing cold.
You can buffet flying creatures when you breathe cold.
Your icy white scales are hard. (AC +7)
You cannot fit into any form of body armour.
Your flesh is cold resistant. (rC+)
You are cold-blooded and may be slowed by cold attacks.


Message History

Press: ? - help, Shift-Dir - straight line, f - orc, p - orc warrior
Aim: an orc, wielding a +0 dagger, wearing a +0 leather armour and quivering 3 boomerangs You exhale a wave of freezing cold.
The freezing breath hits the orc warrior!
The orc warrior is almost dead.
The freezing breath hits the orc wizard!
The orc wizard is almost dead.
The freezing breath hits the orc!
You kill the orc!
You hear a shout!
You hear a zap.
You are blasted!
* * * LOW HITPOINT WARNING * * *
The orc warrior hits you with a cursed -3 short sword.
* * * LOW HITPOINT WARNING * * *
Unknown command.
Casting: Mephitic Cloud (dangerous; 8% risk of failure)
Confirm with . or Enter, or press ? or * to list all spells.
You blink.
Something hits you!
You die...

#.............#
#)#######.....# #.#
#.....# .######o#
#.†...# .?.....o#
#.....###
....###o#######.........
.. #.................
#.................
#>..@.............
#..<..............
#...........######
#.........###
###########


You could see an orc warrior and an orc wizard.

Vanquished Creatures
  Harold (D:7)
  A two-headed ogre (D:9)
  Pikel (D:7)
  Prince Ribbit (D:7)
  A wyvern (D:9)
  5 yaks
  Menkaure (Ossuary)
  2 ice beasts
  A phantom (D:5)
  A sky beast (D:5)
  An ogre (D:7)
  A centaur (D:8)
  3 lemures (D:7)
  A big kobold (Sewer)
  3 bullfrogs
  A scorpion (D:5)
  6 killer bees
  4 wights
  A howler monkey (D:9)
  2 jellies (D:8)
  4 hounds
  14 orc wizards
  5 orc priests
  A bullfrog skeleton (D:8)
  5 worker ants
  A hound skeleton (D:4)
  3 mummies (Ossuary)
  4 gnolls (D:6)
  9 adders
  6 river rats (Sewer)
  7 white imps
  2 ufetubi
  4 oozes (Sewer)
  A worm zombie (D:5)
  An adder skeleton (D:4)
  7 worms
  A dart slug (D:1)
  7 leopard geckos
  28 orcs
  7 bats
  7 giant cockroaches
  5 gnoll zombies (Ossuary)
  12 goblins
  9 hobgoblins
  4 jackals (D:3)
  17 kobolds
  8 quokkas
  4 ball pythons
  4 frilled lizards
  5 gnoll skeletons (Ossuary)
  2 goblin skeletons (Ossuary)
  9 goblin zombies (Ossuary)
  3 hobgoblin skeletons (Ossuary)
  A hobgoblin zombie (Ossuary)
  A jackal skeleton (D:4)
  3 kobold skeletons (Ossuary)
  3 kobold zombies (Ossuary)
  A leopard gecko skeleton (D:9)
  4 orc skeletons (Ossuary)
  An orc zombie (Ossuary)
  11 rats
  5 rat skeletons (Ossuary)
  2 rat zombies (Ossuary)
276 creatures vanquished.

Vanquished Creatures (collateral kills)
  A yak (D:7)
1 creature vanquished.

Vanquished Creatures (others)
  A goblin zombie (Ossuary)
  A hobgoblin skeleton (Ossuary)
  A hobgoblin zombie (Ossuary)
  A kobold skeleton (Ossuary)
  An orc skeleton (Ossuary)
  2 rat zombies (Ossuary)
7 creatures vanquished.

Grand Total: 284 creatures vanquished

Notes
Turn   | Place    | Note
-------+----------+-------------------------------------------
     0 | D:1      | Numknucks the Draconian Conjurer began the quest for the
                  | Orb.
     0 | D:1      | Reached XP level 1. HP: 14/14 MP: 3/3
    56 | D:1      | Reached skill level 1 in Fighting
    60 | D:1      | Reached XP level 2. HP: 20/23 MP: 1/5
   194 | D:1      | Reached skill level 2 in Fighting
   571 | D:1      | Reached XP level 3. HP: 30/30 MP: 4/6
   920 | D:1      | Reached skill level 3 in Fighting
  1536 | D:2      | Reached skill level 4 in Fighting
  1536 | D:2      | Reached XP level 4. HP: 30/40 MP: 3/7
  1969 | D:3      | Found a stormy altar of Qazlal.
  2035 | D:3      | Noticed a sky beast
  3038 | D:4      | Reached XP level 5. HP: 35/46 MP: 0/9
  3205 | D:4      | Found a glowing drain.
  3319 | D:4      | HP: 2/46 [white imp/puff of frost (9)]
  3544 | Sewer    | Entered a sewer
  3666 | Sewer    | Reached XP level 6. HP: 52/52 MP: 4/13
  3951 | Sewer    | Reached skill level 5 in Spellcasting
  5276 | D:5      | Entered Level 5 of the Dungeon
  5367 | D:5      | Reached skill level 5 in Fighting
  5367 | D:5      | Your scales start taking on an icy white colour.
  5367 | D:5      | Reached XP level 7. HP: 19/61 MP: 0/14
  5367 | D:5      | Gained mutation: Your flesh is cold resistant. (rC+) [White
                  | Draconian growth]
  5479 | D:5      | Found a sand-covered staircase.
  5694 | Ossuary  | Entered an ossuary
  6721 | Ossuary  | Noticed Menkaure
  6747 | Ossuary  | Killed Menkaure
  6748 | Ossuary  | Reached skill level 6 in Fighting
  7179 | D:5      | Found a staircase to the Ecumenical Temple.
  7500 | Temple   | Entered the Ecumenical Temple
  7984 | D:5      | Reached XP level 8. HP: 43/71 MP: 12/15
  8665 | D:6      | Reached skill level 7 in Fighting
  8802 | D:6      | You fall into a shaft and drop 1 floor!
  8874 | D:7      | Found Gekea's Book Emporium.
  8878 | D:7      | Bought a book of Minor Magic for 240 gold pieces
  8881 | D:7      | Learned a level 2 spell: Blink
  8885 | D:7      | Learned a level 3 spell: Mephitic Cloud
  8888 | D:7      | Learned a level 2 spell: Call Imp
  8939 | D:6      | Found an opulent altar of Gozag.
  9137 | D:6      | Reached skill level 5 in Dodging
  9627 | D:6      | Found a glowing silver altar of Zin.
  9696 | D:6      | Reached skill level 8 in Fighting
  9884 | D:7      | Found Xankeiki's Magic Scroll Shop.
  9884 | D:7      | Noticed Prince Ribbit
 10072 | D:7      | Killed Prince Ribbit
 10139 | D:7      | Noticed Harold
 10250 | D:7      | Killed Harold
 10251 | D:7      | Reached skill level 1 in Air Magic
 10251 | D:7      | Reached XP level 9. HP: 21/81 MP: 0/19
 10513 | D:7      | Found Zaskenob's Antique Weapon Shoppe.
 10600 | D:7      | Reached skill level 1 in Poison Magic
 11425 | D:8      | Noticed Pikel
 11447 | D:7      | Reached skill level 1 in Summonings
 11447 | D:7      | Reached skill level 1 in Translocations
 11447 | D:7      | Reached skill level 1 in Evocations
 11479 | D:8      | Paralysed by Pikel for 5 turns
 11501 | D:7      | Killed Pikel
 11963 | D:7      | Reached skill level 5 in Translocations
 12002 | D:7      | Reached XP level 10. HP: 34/88 MP: 9/20
 12724 | D:8      | Found a radiant altar of Vehumet.
 12725 | D:8      | Found a white marble altar of Elyvilon.
 12731 | D:8      | Found a shadowy altar of Dithmenos.
 12731 | D:8      | Found a sacrificial altar of Ru.
 12731 | D:8      | Found a glowing golden altar of the Shining One.
 12731 | D:8      | Found a broken altar of Ashenzari.
 12732 | D:8      | Found an ornate altar of the Wu Jian Council.
 12733 | D:8      | Found a stormy altar of Qazlal.
 12734 | D:8      | Found a blossoming altar of Fedhas.
 12735 | D:8      | Found a basalt altar of Yredelemnul.
 12736 | D:8      | Found a hide-covered altar of Uskayaw.
 13328 | D:9      | Reached skill level 5 in Summonings
 13375 | D:9      | Noticed a two-headed ogre
 13494 | D:9      | Killed a two-headed ogre
 13669 | D:9      | Found a staircase to the Lair.
 13697 | D:9      | Noticed Maurice
 13698 | D:9      | Noticed a two-headed ogre
 13749 | D:9      | Slain by Maurice

Illustrated notes

Levels and vault maps discovered:
D:1:      moated_graveyard_arrival, layout_loops_ring, roderic_lattice_a
D:2:      layout_rooms
D:3:      layout_loops_ring, grunt_qazlal_sundering
D:4:      layout_basic, portal_sewer_entry_f
D:5:      layout_loops_ring, minmay_temple_entry_grid, enter_ossuary_3,
          kennysheep_generic_room_3
D:6:      layout_rooms, pdpol_temple_overflow_zin_treasury_gozag_greed
D:7:      layout_basic, serial_shops, kennysheep_mini, nicolae_shop_trees, shop,
          uniq_harold, uniq_prince_ribbit1
D:8:      layout_rooms, minitemple, lightli_corner_chamber, uniq_pikel
D:9:      layout_irregular_city, lair_entry_dummy, basic_altar, serial_shops,
          shop_fountains, ebering_ghost_xom, uniq_maurice
Temple:   jpeg_temple_island

Skill      XL: |  1  2  3  4  5  6  7  8  9 10 |
---------------+-------------------------------+-----
Fighting       | 1 2 4 5 6 8 |  8.0
Spellcasting   | 3 4 5 6 7 |  7.1
Dodging        | 4 6 |  6.4
Air Magic      | 1 2 |  2.3
Poison Magic   | 1 4 |  4.1
Summonings     | 2 5 |  5.2
Translocations | 5 |  5.1
Evocations     | 1 |  1.0
Slings         | |  0.3
Stealth        | |  1.7
Shields        | |  0.4
Conjurations   | |  4.1

Action                   |  1- 3 |  4- 6 |  7- 9 | 10-12 || total
-------------------------+-------+-------+-------+-------++-------
Melee: Short sword       |   108 |    62 |       |    88 ||   258
       Unarmed           |     5 |       |       |       ||     5
       Tailslap          |     7 |    17 |    71 |    15 ||   110
       Dagger            |       |   111 |   426 |    38 ||   575
       Hunting sling     |       |       |   131 |       ||   131
 Fire: Hunting sling     |       |     3 |     7 |       ||    10
Throw: Throwing net      |       |       |     1 |       ||     1
 Cast: Magic Dart        |    39 |   195 |   319 |    70 ||   623
       Mephitic Cloud    |       |       |    14 |     5 ||    19
       Blink             |       |       |     8 |     4 ||    12
       Call Imp          |       |       |     1 |     6 ||     7
 Abil: Breathe Frost     |       |       |    17 |     8 ||    25
Evoke: Wand              |       |       |     5 |       ||     5
  Use: Potion            |     2 |       |     1 |       ||     3
       Scroll            |       |    11 |     1 |       ||    12
 Stab: Sleeping          |     4 |     1 |     2 |       ||     7
       Confused          |       |       |     8 |     2 ||    10
Armor: Skin              |    33 |    56 |   163 |    33 ||   285
Dodge: Dodged            |    85 |   128 |   305 |    78 ||   596
Block: Other             |       |    22 |   114 |    23 ||   159
       Reflection        |       |     1 |     2 |     1 ||     4

Table legend: (Time is in decaauts)
 A = Elapsed time spent in this place.
 B = Non-inter-level travel time spent in this place.
 C = Inter-level travel time spent in this place.
 D = Time resting spent in this place.
 E = Time spent auto-exploring this place.
 F = Levels seen in this place.
 G = Mean time per level.
                   A        B        C        D        E       F      G
               +--------+--------+--------+--------+--------+-----+--------+
         Total |  14073 |  13653 |    420 |   3228 |   5076 |  12 | 1172.8 |
       Dungeon |  11006 |  10586 |    420 |   2473 |   3964 |   9 | 1222.9 |
        Temple |    294 |    294 |      0 |      0 |    235 |   1 |  294.0 |
         Sewer |   1276 |   1276 |      0 |    181 |    741 |   1 | 1276.0 |
       Ossuary |   1496 |   1496 |      0 |    574 |    134 |   1 | 1496.0 |
               +--------+--------+--------+--------+--------+-----+--------+

Top non-repeatable levels by time:
     D:7: 2377 daAuts
     D:5: 1602 daAuts
 Ossuary: 1496 daAuts
     D:6: 1311 daAuts
   Sewer: 1276 daAuts
     D:1: 1161 daAuts
     D:4: 1151 daAuts
     D:3: 980 daAuts
     D:8: 975 daAuts
     D:2: 900 daAuts
     D:9: 545 daAuts
  Temple: 294 daAuts
